| TOP OF THE 1ST |
|
Tri-City ValleyCats batting - Pitching for Everett AquaSox : LHP Geoff Klaas
|
|
Pitching: LHP Geoff Klaas
|
|
|
Batting: RHB Patrick Pinault
|
0-0: Ball 1-0: Called Strike 1-1: Ball 2-1: Foul Ball, location: 2F 2-2: Ball 3-2: Base on Balls
|
|
Batting: RHB Omar Amaya
|
0-0: Ball 1-0: Ball 2-0: Foul Ball, location: 2F 2-1: Ball 3-1: Foul Ball, location: 2F 3-2: Foul Ball, location: 2F 3-2: Base on Balls Patrick Pinault to second
|
|
Batting: LHB Wade Girard
|
0-0: Called Strike 0-1: DOUBLE (Groundball, 5L, EV 94.4 MPH) Patrick Pinault scores Omar Amaya to third
|
|
Batting: RHB Josh Broome
|
0-0: Ground out 6-3 (Groundball, 6, EV 83.1 MPH) Omar Amaya scores Wade Girard to third
|
|
Batting: RHB Roger Pelley
|
0-0: Swinging Strike 0-1: Ground out 4-3 (Groundball, 4, EV 80.6 MPH) Wade Girard scores
|
|
Batting: RHB Hugo Priego
|
0-0: Ball 1-0: Swinging Strike 1-1: Fly out, F8 (Flyball, 8LS, EV 90.6 MPH)
|
| Top of the 1st over - 3 runs, 1 hit, 0 errors, 0 left on base; Tri-City 3 - Everett 0 |
| BOTTOM OF THE 1ST |
|
Everett AquaSox batting - Pitching for Tri-City ValleyCats : RHP Shitoshi Sai
|
|
Pitching: RHP Shitoshi Sai
|
|
|
Batting: RHB John Vasquez
|
0-0: Ball 1-0: Bunted foul 1-1: Foul Ball, location: 2F 1-2: Ground out 4-3 (Groundball, 4, EV 83.8 MPH)
|
|
Batting: RHB Tomokazu Sugimoto
|
0-0: Ball 1-0: Swinging Strike 1-1: Ball 2-1: Ball 3-1: Swinging Strike 3-2: Foul Ball, location: 2F 3-2: Foul Ball, location: 2F 3-2: Foul Ball, location: 2F 3-2: Foul Ball, location: 2F 3-2: Foul Ball, location: 2F 3-2: DOUBLE (Line Drive, 5D, EV 96.2 MPH)
|
|
Batting: RHB Ivan Davila
|
0-0: Ball 1-0: Foul Ball, location: 2F 1-1: Called Strike 1-2: Foul Ball, location: 2F 1-2: Ground out 4-3 (Groundball, 4M, EV 101.9 MPH) Tomokazu Sugimoto to third
|
|
Batting: RHB Antonio Oyola
|
0-0: Ball 1-0: Ball 2-0: Ball 3-0: Called Strike 3-1: Base on Balls
|
|
Batting: SHB Tony Morales
|
0-0: SINGLE (Groundball, 4MS, EV 68.1 MPH) (infield hit) Tomokazu Sugimoto scores Antonio Oyola to second
|
|
Batting: RHB Sal Cervantes
|
0-0: Called Strike 0-1: Called Strike 0-2: Ball 1-2: Ball 2-2: Ball 3-2: Base on Balls Antonio Oyola to third Tony Morales to second
|
|
Batting: RHB Jung-wan Aan
|
0-0: Foul Ball, location: 2F 0-1: Ball 1-1: Ball 2-1: Ball 3-1: Foul Ball, location: 2F 3-2: Base on Balls Antonio Oyola scores Tony Morales to third Sal Cervantes to second
|
|
Batting: RHB Danny Pujols
|
0-0: Ball 1-0: Foul Ball, location: 2F 1-1: Foul Ball, location: 2F 1-2: Strikes out swinging
|
| Bottom of the 1st over - 2 runs, 2 hits, 0 errors, 3 left on base; Tri-City 3 - Everett 2 |
| TOP OF THE 2ND |
|
Tri-City ValleyCats batting - Pitching for Everett AquaSox : LHP Geoff Klaas
|
|
Batting: SHB Terciero Ortiz
|
0-0: Ball 1-0: Ball 2-0: Called Strike 2-1: SINGLE (Groundball, 5S, EV 68.1 MPH) (infield hit)
|
|
Batting: LHB Lu-po-teh Zhou
|
0-0: Called Strike 0-1: Swinging Strike 0-2: Foul Ball, location: 2F 0-2: Grounds into double play, 4-6-3 (Groundball, 4, EV 82.5 MPH)
|
|
Batting: LHB Ryan Fridley
|
0-0: Ball 1-0: Swinging Strike 1-1: Foul Ball, location: 2F 1-2: Strikes out swinging
|
| Top of the 2nd over - 0 runs, 1 hit, 0 errors, 0 left on base; Tri-City 3 - Everett 2 |
| BOTTOM OF THE 2ND |
|
Everett AquaSox batting - Pitching for Tri-City ValleyCats : RHP Shitoshi Sai
|
|
Batting: RHB Egidius Kruger
|
0-0: Ball 1-0: Reached on error, E6 (Groundball, 56, EV 81.9 MPH)
|
|
Batting: RHB John Vasquez
|
0-0: Called Strike 0-1: Swinging Strike 0-2: Fly out, F5 (Line Drive, 5L, EV 68.1 MPH)
|
|
Batting: RHB Tomokazu Sugimoto
|
0-0: Called Strike 0-1: Ball 1-1: SINGLE (Groundball, 56D, EV 93.8 MPH) Egidius Kruger to second
|
|
Batting: RHB Ivan Davila
|
0-0: Called Strike Egidius Kruger is caught stealing 3rd base 2-5 Tomokazu Sugimoto to second 0-1: Ball 1-1: Ball 2-1: Called Strike 2-2: Ground out 5-3 (Groundball, 56, EV 105.6 MPH)
|
| Bottom of the 2nd over - 0 runs, 1 hit, 1 error, 1 left on base; Tri-City 3 - Everett 2 |
| TOP OF THE 3RD |
|
Tri-City ValleyCats batting - Pitching for Everett AquaSox : LHP Geoff Klaas
|
|
Batting: RHB Patrick Pinault
|
0-0: Ball 1-0: Foul Ball, location: 2F 1-1: Foul Ball, location: 2F 1-2: Ball 2-2: Ball 3-2: Strikes out swinging, 2-3 out at first.
|
|
Batting: RHB Omar Amaya
|
0-0: Fly out, F4 (Popup, 4, EV 76.9 MPH)
|
|
Batting: LHB Wade Girard
|
0-0: Ball 1-0: Ball 2-0: Called Strike 2-1: Called Strike 2-2: Ball 3-2: Foul Ball, location: 2F 3-2: Foul Ball, location: 2F 3-2: Strikes out swinging
|
| Top of the 3rd over - 0 runs, 0 hits, 0 errors, 0 left on base; Tri-City 3 - Everett 2 |
| BOTTOM OF THE 3RD |
|
Everett AquaSox batting - Pitching for Tri-City ValleyCats : RHP Shitoshi Sai
|
|
Batting: RHB Antonio Oyola
|
0-0: Ball 1-0: Foul Ball, location: 2F 1-1: Ball 2-1: Ball 3-1: Ground out 5-3 (Groundball, 15, EV 89.4 MPH)
|
|
Batting: SHB Tony Morales
|
0-0: Called Strike 0-1: Swinging Strike 0-2: Ground out 4-3 (Groundball, 4, EV 104.4 MPH)
|
|
Batting: RHB Sal Cervantes
|
0-0: Fly out, F9 (Flyball, 9, EV 73.8 MPH)
|
| Bottom of the 3rd over - 0 runs, 0 hits, 0 errors, 0 left on base; Tri-City 3 - Everett 2 |
| TOP OF THE 4TH |
|
Tri-City ValleyCats batting - Pitching for Everett AquaSox : LHP Geoff Klaas
|
|
Batting: RHB Josh Broome
|
0-0: Called Strike 0-1: Called Strike 0-2: Ball 1-2: Ball 2-2: Ball 3-2: Foul Ball, location: 2F 3-2: SINGLE (Line Drive, 9LS, EV 100.0 MPH)
|
|
Pitching: RHP Raul Lopez
|
|
|
Batting: RHB Roger Pelley
|
0-0: Ball Josh Broome is caught stealing 2nd base 2-4 1-0: Foul Ball, location: 2F 1-1: Ball 2-1: SOLO HOME RUN (Flyball, 9LD, EV 91.2 MPH), Distance : 336 ft
|
|
Batting: RHB Hugo Priego
|
0-0: Fly out, F6 (Popup, 6M, EV 56.2 MPH)
|
|
Batting: SHB Terciero Ortiz
|
0-0: SINGLE (Groundball, 34D, EV 105.0 MPH)
|
|
Batting: LHB Lu-po-teh Zhou
|
0-0: Ball 1-0: Called Strike 1-1: Swinging Strike 1-2: Ball Wild Pitch! Terciero Ortiz to second 2-2: Strikes out swinging
|
| Top of the 4th over - 1 run, 3 hits, 0 errors, 1 left on base; Tri-City 4 - Everett 2 |
| BOTTOM OF THE 4TH |
|
Everett AquaSox batting - Pitching for Tri-City ValleyCats : RHP Shitoshi Sai
|
|
Batting: RHB Jung-wan Aan
|
0-0: Called Strike 0-1: Ball 1-1: Ball 2-1: Fly out, F9 (Flyball, 89S, EV 83.8 MPH)
|
|
Batting: RHB Danny Pujols
|
0-0: Ball 1-0: Ball 2-0: SOLO HOME RUN (Line Drive, 7D, EV 95.0 MPH), Distance : 374 ft
|
|
Batting: RHB Egidius Kruger
|
0-0: Ball 1-0: Foul Ball, location: 2F 1-1: Ground out 1-3 (Groundball, 15S, EV 66.9 MPH)
|
|
Batting: RHB John Vasquez
|
0-0: Called Strike 0-1: TRIPLE (Flyball, 89XD, EV 108.8 MPH)
|
|
Batting: RHB Tomokazu Sugimoto
|
0-0: Foul Ball, location: 2F 0-1: Ball 1-1: Ball 2-1: Ground out 6-3 (Groundball, 6, EV 93.1 MPH)
|
| Bottom of the 4th over - 1 run, 2 hits, 0 errors, 1 left on base; Tri-City 4 - Everett 3 |
| TOP OF THE 5TH |
|
Tri-City ValleyCats batting - Pitching for Everett AquaSox : RHP Raul Lopez
|
|
Batting: LHB Ryan Fridley
|
0-0: Ball 1-0: Ball 2-0: DOUBLE (Line Drive, 7LD, EV 107.5 MPH)
|
|
Batting: RHB Patrick Pinault
|
0-0: Ball 1-0: Ground out 5-3 (Groundball, 56S, EV 79.4 MPH)
|
|
Batting: RHB Omar Amaya
|
0-0: Ball 1-0: Called Strike 1-1: SINGLE (Line Drive, 4MD, EV 98.8 MPH) Ryan Fridley to third Runner from 3rd tries for Home, SAFE, throw by CF to home
|
|
Batting: LHB Wade Girard
|
0-0: Called Strike Omar Amaya is caught stealing 2nd base 2-6 0-1: Ball 1-1: Fly out, F7 (Line Drive, 78M, EV 100.6 MPH)
|
| Top of the 5th over - 1 run, 2 hits, 0 errors, 0 left on base; Tri-City 5 - Everett 3 |
| BOTTOM OF THE 5TH |
|
Everett AquaSox batting - Pitching for Tri-City ValleyCats : RHP Shitoshi Sai
|
|
Pitching: RHP Jeremy Mash
|
|
|
Batting: RHB Ivan Davila
|
0-0: Foul Ball, location: 2F 0-1: Ball 1-1: Fly out, F5 (Popup, 56, EV 79.4 MPH)
|
|
Batting: RHB Antonio Oyola
|
0-0: Ball 1-0: Fly out, F9 (Flyball, 9D, EV 104.4 MPH)
|
|
Batting: SHB Tony Morales
|
0-0: Ball 1-0: Called Strike 1-1: Ball 2-1: Ball 3-1: Foul Ball, location: 2F 3-2: Ground out 6-3 (Groundball, 6, EV 96.2 MPH)
|
| Bottom of the 5th over - 0 runs, 0 hits, 0 errors, 0 left on base; Tri-City 5 - Everett 3 |
| TOP OF THE 6TH |
|
Tri-City ValleyCats batting - Pitching for Everett AquaSox : RHP Raul Lopez
|
|
Batting: RHB Josh Broome
|
0-0: Foul Ball, location: 2F 0-1: Called Strike 0-2: Foul Ball, location: 2F 0-2: Ball 1-2: Ball 2-2: Ball 3-2: Ground out 6-3 (Groundball, 56, EV 93.8 MPH)
|
|
Batting: RHB Roger Pelley
|
0-0: Swinging Strike 0-1: Fly out, F8 (Flyball, 8LXD, EV 83.1 MPH)
|
|
Pitching: RHP Ke-yong Khoo
|
|
|
Batting: RHB Hugo Priego
|
0-0: Ground out U3 (Groundball, 34, EV 107.5 MPH)
|
| Top of the 6th over - 0 runs, 0 hits, 0 errors, 0 left on base; Tri-City 5 - Everett 3 |
| BOTTOM OF THE 6TH |
|
Everett AquaSox batting - Pitching for Tri-City ValleyCats : RHP Jeremy Mash
|
|
Batting: RHB Sal Cervantes
|
0-0: Ball 1-0: Ground out 6-3 (Groundball, 6, EV 103.1 MPH)
|
|
Batting: RHB Jung-wan Aan
|
0-0: DOUBLE (Line Drive, 5D, EV 95.6 MPH)
|
|
Batting: RHB Danny Pujols
|
0-0: Ball 1-0: Foul Ball, location: 2F 1-1: Called Strike 1-2: DOUBLE (Line Drive, 89M, EV 100.6 MPH) Jung-wan Aan scores
|
|
Batting: RHB Egidius Kruger
|
0-0: Fly out, F9 (Flyball, 89M, EV 95.0 MPH)
|
|
Batting: RHB John Vasquez
|
0-0: Ball 1-0: Fly out, F2 (Popup, 3SF, EV 73.1 MPH)
|
| Bottom of the 6th over - 1 run, 2 hits, 0 errors, 1 left on base; Tri-City 5 - Everett 4 |
| TOP OF THE 7TH |
|
Tri-City ValleyCats batting - Pitching for Everett AquaSox : RHP Ke-yong Khoo
|
|
Batting: SHB Terciero Ortiz
|
0-0: Called Strike 0-1: Ball 1-1: Foul Ball, location: 2F 1-2: Ball 2-2: Strikes out swinging
|
|
Batting: LHB Lu-po-teh Zhou
|
0-0: Called Strike 0-1: Foul Ball, location: 2F 0-2: Ball 1-2: Foul Ball, location: 2F 1-2: SINGLE (Groundball, 34D, EV 95.0 MPH)
|
|
Batting: LHB Ryan Fridley
|
0-0: Foul Ball, location: 2F 0-1: Ball 1-1: Ball 2-1: Ball 3-1: Swinging Strike 3-2: 2-RUN HOME RUN (Flyball, 89XD, EV 106.2 MPH), Distance : 407 ft
|
|
Batting: RHB Patrick Pinault
|
0-0: Ball 1-0: Called Strike 1-1: Foul Ball, location: 2F 1-2: Ball 2-2: Strikes out swinging
|
|
Pitching: RHP Aaron Black
|
|
|
Batting: RHB Omar Amaya
|
0-0: Foul Ball, location: 2F 0-1: Ball 1-1: Ball 2-1: Ground out 6-3 (Groundball, 6, EV 101.9 MPH)
|
| Top of the 7th over - 2 runs, 2 hits, 0 errors, 0 left on base; Tri-City 7 - Everett 4 |
| BOTTOM OF THE 7TH |
|
Everett AquaSox batting - Pitching for Tri-City ValleyCats : RHP Jeremy Mash
|
|
Batting: RHB Tomokazu Sugimoto
|
0-0: Ball 1-0: Foul Ball, location: 2F 1-1: Ball 2-1: Ground out 6-3 (Groundball, 56D, EV 103.8 MPH)
|
|
Batting: RHB Ivan Davila
|
0-0: Called Strike 0-1: Ball 1-1: Foul Ball, location: 2F 1-2: Fly out, F7 (Flyball, 7D, EV 82.5 MPH)
|
|
Batting: RHB Antonio Oyola
|
0-0: Swinging Strike 0-1: Foul Ball, location: 2F 0-2: SINGLE (Groundball, 6MS, EV 65.0 MPH) (infield hit)
|
|
Batting: SHB Tony Morales
|
0-0: Ball 1-0: Foul Ball, location: 2F Pickoff Throw to First - Out! 1-3 CS
|
| Bottom of the 7th over - 0 runs, 1 hit, 0 errors, 0 left on base; Tri-City 7 - Everett 4 |
| TOP OF THE 8TH |
|
Tri-City ValleyCats batting - Pitching for Everett AquaSox : RHP Aaron Black
|
|
Batting: LHB Wade Girard
|
0-0: Foul Ball, location: 2F 0-1: Ball 1-1: Ball 2-1: Ball 3-1: Base on Balls
|
|
Batting: RHB Josh Broome
|
0-0: Fly out, F9 (Flyball, 9S, EV 83.1 MPH)
|
|
Batting: RHB Roger Pelley
|
0-0: Ball 1-0: Ball 2-0: Fly out, F9 (Flyball, 89M, EV 92.5 MPH)
|
|
Batting: RHB Hugo Priego
|
0-0: Ball 1-0: Ground out 4-3 (Groundball, 34, EV 82.5 MPH)
|
| Top of the 8th over - 0 runs, 0 hits, 0 errors, 1 left on base; Tri-City 7 - Everett 4 |
| BOTTOM OF THE 8TH |
|
Everett AquaSox batting - Pitching for Tri-City ValleyCats : RHP Jeremy Mash
|
|
Pitching: LHP Frank Vazquez
|
|
|
Batting: SHB Tony Morales
|
0-0: SINGLE (Groundball, 4D, EV 106.9 MPH)
|
|
Batting: RHB Sal Cervantes
|
0-0: Ball 1-0: Reached on error, E4 (Groundball, 4M, EV 106.9 MPH) Tony Morales to second
|
|
Batting: RHB Jung-wan Aan
|
0-0: Ball 1-0: Fly out, F4 (Popup, 3S, EV 79.4 MPH)
|
|
Batting: RHB Danny Pujols
|
0-0: Called Strike 0-1: Ball 1-1: SINGLE (Line Drive, 9S, EV 105.6 MPH) Tony Morales to third Sal Cervantes to second
|
|
Batting: RHB Egidius Kruger
|
0-0: Ball 1-0: Foul Ball, location: 2F 1-1: SINGLE (Groundball, 4, EV 108.1 MPH) Tony Morales scores Sal Cervantes to third Danny Pujols to second Runner from 3rd tries for Home, SAFE, throw by CF to home
|
|
Batting: RHB John Vasquez
|
0-0: Called Strike 0-1: Called Strike 0-2: Foul Ball, location: 2F 0-2: Fielders Choice at 2nd, 4-6 (Groundball, 4, EV 108.1 MPH) Danny Pujols to third
|
|
Batting: RHB Tomokazu Sugimoto
|
0-0: Called Strike 0-1: Called Strike 0-2: Strikes out swinging
|
| Bottom of the 8th over - 2 runs, 3 hits, 1 error, 2 left on base; Tri-City 7 - Everett 6 |
| TOP OF THE 9TH |
|
Tri-City ValleyCats batting - Pitching for Everett AquaSox : RHP Aaron Black
|
|
Pitching: RHP Jose Acevedo
|
|
|
Batting: SHB Terciero Ortiz
|
0-0: Called Strike 0-1: Ball 1-1: Foul Ball, location: 2F 1-2: Ball 2-2: Strikes out swinging, 2-3 out at first.
|
|
Batting: LHB Lu-po-teh Zhou
|
0-0: Called Strike 0-1: Ball 1-1: Ball 2-1: Fly out, F7 (Flyball, 78M, EV 90.0 MPH)
|
|
Batting: LHB Ryan Fridley
|
0-0: Called Strike 0-1: Swinging Strike 0-2: Ball 1-2: Strikes out looking
|
| Top of the 9th over - 0 runs, 0 hits, 0 errors, 0 left on base; Tri-City 7 - Everett 6 |
| BOTTOM OF THE 9TH |
|
Everett AquaSox batting - Pitching for Tri-City ValleyCats : LHP Frank Vazquez
|
|
Pitching: RHP Hector Carrillo
|
|
|
Now at 3B: Keith Goodwin
|
|
|
Batting: RHB Ivan Davila
|
0-0: Ball 1-0: Fly out, F8 (Flyball, 8LD, EV 76.2 MPH)
|
|
Batting: RHB Antonio Oyola
|
0-0: Foul Ball, location: 2F 0-1: Ball 1-1: Foul Ball, location: 2F 1-2: Hit by Pitch
|
|
Batting: SHB Tony Morales
|
0-0: Swinging Strike 0-1: Foul Ball, location: 2F 0-2: Strikes out swinging
|
|
Batting: RHB Sal Cervantes
|
0-0: Ball 1-0: Ground out 4-3 (Groundball, 4, EV 106.9 MPH)
|
| Bottom of the 9th over - 0 runs, 0 hits, 0 errors, 1 left on base; Tri-City 7 - Everett 6 |
|